 Dungeon Crawl Stone Soup version 0.29.0-13-gc9e81de378 (webtiles) character file.

Game seed: 15954456517841954055

128 Hubris850 the Sneak (level 4, -2/27 HPs)
             Began as a Vampire Enchanter on Sept 7, 2022.
             Slain by a river rat (4 damage)
             ... in a sewer.
             The game lasted 00:08:18 (2380 turns).

Hubris850 the Sneak (Vampire Enchanter)             Turns: 2380, Time: 00:08:18

Health: -2/27      AC:  2    Str:  6 (7)  XL:     4   Next: 86%
Magic:  8/8        EV: 13    Int: 15 (17) God:
Gold:   92         SH:  0    Dex: 14 (16) Spells: 3/8 levels left

rFire   . . .      SeeInvis +   a - +1 dagger
rCold   . . .      Faith    .   (no shield)
rNeg    . . .      Spirit   .   b - +0 robe
rPois   .          Reflect  .   (no helmet)
rElec   .          Harm     .   (no cloak)
rCorr   .          Rampage  .   (no gloves)
Will    .....                   (no boots)
Stlth   +++.......              (no amulet)
HPRegen 0.29/turn               l - ring of wizardry
MPRegen 0.11/turn               (no ring)

@: healing quickly
A: alive, fangs 3, see invisible, vampiric 2, [frail 1]
a: Exsanguinate


You were in a sewer.
You visited 1 branch of the dungeon, and saw 3 of its levels.
You also visited: Sewer.

You collected 92 gold pieces.

Inventory:

Hand Weapons
 a - a +1 dagger (weapon)
Missiles
 j - 4 javelins (quivered)
Armour
 b - a +0 robe (worn)
Jewellery
 l - a ring of wizardry (left hand)
Scrolls
 f - 3 scrolls of teleportation {unknown}
 i - 3 scrolls of identify {unknown}
 k - a scroll of immolation {unknown}
 n - a scroll of fear {unknown}
Potions
 c - 2 potions of invisibility
 d - a potion of resistance {unknown}
 e - 2 potions of attraction {unknown}
 g - 2 potions of heal wounds {unknown}
 h - a potion of magic {unknown}
 m - 2 potions of curing {unknown}


   Skills:
 + Level 2.3 Short Blades
 + Level 3.1 Dodging
 + Level 5.5 Stealth
 + Level 2.6 Spellcasting
 + Level 5.4 Hexes


You had 3 spell levels left.
You knew the following spells:

 Your Spells              Type           Power      Damage    Failure   Level
a - Confusing Touch       Hex            18%        N/A       2%          3
b - Ensorcelled Hibernat  Hex/Ice        20%        N/A       4%          2

Your spell library contained the following spells:

 Spells                   Type           Power      Damage    Failure   Level
 Tukima's Dance           Hex            18%        N/A       2%          3
 Freeze                   Ice            8%         1d3       9%          1
 Dazzling Flash           Conj/Hex       20%        N/A       9%          3
 Frozen Ramparts          Ice            4%         1d1       24%         3
 Hailstorm                Conj/Ice       2%         3d3       58%         4


Dungeon Overview and Level Annotations

Branches:
Dungeon (3/15)              Sewer (1/1)

Altars:

Shops:
D:2 (


Innate Abilities, Weirdness & Mutations

Your natural rate of healing is accelerated.
You have razor-sharp teeth.
You have supernaturally acute eyesight. (SInv)
You are afflicted with vampirism and can become a bat while bloodless.
[You are frail. (-10% HP)]


Message History

You barely miss the river rat.
The river rat is moderately wounded.
The rat bites you. The river rat misses you. The river rat bites you.
You hit the river rat but do no damage.
You bite the river rat, but do no damage.
The river rat is moderately wounded.
The river rat closely misses you. The rat barely misses you.
The river rat bites you.
You hit the river rat but do no damage.
The river rat is moderately wounded.
The river rat bites you. The rat misses you. The river rat misses you.
You closely miss the river rat.
The river rat is moderately wounded.
You closely miss the river rat.
The river rat is moderately wounded.
The river rat bites you. The rat barely misses you. The river rat misses you.
You hit the river rat.
The river rat is heavily wounded.
The river rat completely misses you. The rat misses you.
The river rat bites you but does no damage.
You closely miss the river rat.
The river rat is heavily wounded.
The river rat closely misses you. The rat bites you but does no damage.
The river rat bites you.
* * * LOW HITPOINT WARNING * * *
You hit the river rat but do no damage.
The river rat is heavily wounded.
The river rat bites you but does no damage.
The rat closely misses you. The river rat barely misses you.
You hit the river rat but do no damage.
The river rat is heavily wounded.
The river rat bites you.
* * * LOW HITPOINT WARNING * * *
The rat barely misses you. The river rat misses you.
You hit the river rat.
You punch the river rat, but do no damage.
You bite the river rat, but do no damage.
The river rat is severely wounded.
The river rat bites you.
You die...

~.....≈~≈≈≈~~~≈≈≈≈
~~≈≈≈~≈≈≈≈≈≈≈≈≈≈≈≈≈≈
≈~≈~≈~~~≈~≈≈≈≈≈≈≈≈≈≈≈≈≈≈≈
~≈~...~~.~≈≈≈≈≈≈≈≈≈≈≈≈≈≈≈≈
..~......~.~~≈~≈≈~~≈≈~≈≈≈≈
.~........~~....~~.~.≈~~≈≈
..............rr....~~.~~.
.............@r..........
.............##..........
#.......#####........
##..##...######...###
###..#####..∩# #### #∩..##
##### #####


You could see 2 river rats and a rat.

Vanquished Creatures
  4 adders (D:3)
  A river rat (Sewer)
  2 worms (D:2)
  3 dart slugs (D:1)
  5 ball pythons
  6 bats
  6 endoplasms
  3 giant cockroaches (D:3)
  9 goblins
  4 hobgoblins
  5 jackals
  4 kobolds
  2 quokkas
  5 frilled lizards
  11 rats
70 creatures vanquished.

Notes
Turn   | Place    | Note
-------+----------+-------------------------------------------
     0 | D:1      | Hubris850 the Vampire Enchanter began the quest for the
                  | Orb.
     0 | D:1      | Reached XP level 1. HP: 13/13 MP: 3/3
    60 | D:1      | Reached XP level 2. HP: 11/19 MP: 5/5
   266 | D:1      | Gained mutation: You are afflicted with vampirism and can
                  | become a bat while bloodless. [Vampire growth]
   266 | D:1      | Reached XP level 3. HP: 9/24 MP: 6/6
   465 | D:1      | Learned a level 3 spell: Confusing Touch
   468 | D:1      | Learned a level 2 spell: Ensorcelled Hibernation
   548 | D:1      | Reached skill level 5 in Stealth
   672 | D:1      | Reached skill level 5 in Hexes
  1368 | D:2      | Reached XP level 4. HP: 24/24 MP: 7/7
  1442 | D:2      | Found Qymmedal's Antique Weapon Boutique.
  1939 | D:3      | Found a glowing drain.
  2336 | Sewer    | Entered a sewer
  2380 | Sewer    | Slain by a river rat

Illustrated notes

Levels and vault maps discovered:
D:1:      psy_arrival_dodecagon, layout_loops_ring,
          chequers_serial_rivers_small_a, st_stairs_9
D:2:      layout_basic, serial_shops, nicolae_shop_waterfront,
          kennysheep_minor_cross
D:3:      layout_rooms, nzn_overflow_gifts_of_might_and_magic, serial_shops,
          shop, gup_sewer_entry_glass
Sewer:    sewer_minmay_treatment

Skill      XL: |  1  2  3  4 |
---------------+-------------+-----
Stealth        | 5 |  5.5
Hexes          | 5 |  5.4
Short Blades   | 2 |  2.3
Dodging        | 3 |  3.1
Spellcasting   | |  2.6

Action                   |  1- 3 |  4- 6 || total
-------------------------+-------+-------++-------
Melee: Dagger            |   188 |    82 ||   270
       Bite              |    21 |    10 ||    31
       Punch             |     1 |     1 ||     2
 Cast: Confusing Touch   |       |     1 ||     1
 Abil: Exsanguinate      |     1 |       ||     1
       End Transformatio |       |     1 ||     1
       Bat Form          |       |     1 ||     1
       Revivify          |       |     1 ||     1
 Stab: Sleeping          |    11 |     3 ||    14
       Confused          |       |     1 ||     1
Armor: Robe              |    28 |    15 ||    43
Dodge: Dodged            |   115 |    61 ||   176
